 Dungeon Crawl Stone Soup version 0.19.0 (webtiles) character file.

130 AlphabetPasta the Caller (level 5, 0/50 HPs)
             Began as an Ogre Summoner on Nov 14, 2016.
             Slain by an orc priest
             ... wielding a +0 club
              (6 damage)
             ... on level 3 of the Dungeon.
             The game lasted 00:17:50 (3515 turns).

AlphabetPasta the Caller (Ogre Summoner)            Turns: 3515, Time: 00:17:50

Health: 0/50       AC:  3    Str: 13    XL:     5   Next: 14%
Magic:  10/10      EV: 10    Int: 15    God:
Gold:   108        SH:  0    Dex: 10    Spells: 3 memorised, 4 levels left

rFire  . . .     SeeInvis .     l - +0 morningstar
rCold  . . .     Gourm    .     a - +0 robe
rNeg   . . .     Faith    .     (no shield)
rPois  .         Spirit   .     (helmet restricted)
rElec  .         Reflect  .     (no cloak)
rCorr  .         Harm     .     (gloves unavailable)
MR     .....                    (boots unavailable)
Stlth  ++........               (no amulet)
                                (no ring)
                                (no ring)

@: no status effects
A: unfitting armour, tough skin 1
a: no special abilities


You were on level 3 of the Dungeon.
You were not hungry.

You visited 1 branch of the dungeon, and saw 3 of its levels.

You collected 108 gold pieces.

Inventory:

Hand Weapons
 e - a +0 mace
 f - a +1 club
 l - a +0 morningstar (weapon)
Armour
 a - a +0 robe (worn)
Jewellery
 m - a cursed -3 ring of evasion {unknown}
 o - a cursed amulet of guardian spirit {unknown}
Scrolls
 n - 3 scrolls of random uselessness {unknown}
 p - a scroll of teleportation
Potions
 d - a potion of cure mutation
 g - a potion of invisibility
 j - a potion of curing {unknown}
 k - a potion of lignification {unknown}
Books
 b - a book of Callings

   Spells                             Type                      Level
   a - Summon Small Mammal            Summoning                    1
   b - Call Imp                       Summoning                    2
   c - Call Canine Familiar           Summoning                    3
   d - Summon Guardian Golem          Hexes/Summoning              3
   e - Summon Lightning Spire         Summoning/Air                4
   f - Summon Ice Beast               Ice/Summoning                4
Comestibles
 c - 3 bread rations
 h - a meat ration


   Skills:
 + Level 2.3 Fighting
 + Level 2.1 Maces & Flails
 + Level 2.2 Dodging
 - Level 1.4 Stealth
 + Level 3.3 Spellcasting
 * Level 3.6 Summonings


You had 4 spell levels left.
You knew the following spells:

 Your Spells              Type           Power        Failure   Level  Hunger
a - Summon Small Mammal   Summ           ##..         6%          1    None
b - Call Imp              Summ           ##......     10%         2    ##.....
c - Call Canine Familiar  Summ           ##......     17%         3    ###....


Dungeon Overview and Level Annotations

Branches:
Dungeon (3/15)

Altars:


Innate Abilities, Weirdness & Mutations

You are too large for most types of armour.
You have tough skin. (AC +1)


Message History

* * * LOW HITPOINT WARNING * * *
You hit the orc priest.
The orc priest is almost dead.
The orc priest invokes the aid of Beogh against you.
You struggle to resist.
You barely miss the orc priest.
The orc priest is almost dead.
The orc priest hits you with a club.
* * * LOW HITPOINT WARNING * * *
You barely miss the orc priest.
The orc priest is almost dead.
The orc priest hits you but does no damage.
The orc priest barely misses you.
You barely miss the orc priest.
The orc priest is almost dead.
The orc priest closely misses you.
You barely miss the orc priest.
The orc priest is almost dead.
The orc priest hits you with a club.
You die...

#.......#..######.#.. ..
#.................#.##.
#.....................
#....................#
#.......# ...........###
###.#..#### ............
#.......###.#.......#.
.....###.......#..รท....#.
...... #@................
...#. .##o)...###.........
.. ##.........#...#.......
# #.###.....#.###.......
#.......###.......
#........)oo......
#......#<#........
#......#.#........
#........##....oo.


You could see an orc priest.

Vanquished Creatures
  A gnoll (D:2)
  A worm (D:2)
  3 dart slugs (D:2)
  6 orcs
  4 bats
  4 goblins (D:2)
  A hobgoblin (D:2)
  A jackal (D:3)
  5 kobolds
  A ball python (D:3)
  2 frilled lizards (D:2)
  6 rats
35 creatures vanquished.

Vanquished Creatures (collateral kills)
  An orc wizard (D:3)
  A worker ant (D:3)
  3 gnolls (D:2)
  3 adders
  A leopard gecko (D:2)
  2 orcs (D:3)
  2 bats
  A giant cockroach (D:1)
  A goblin (D:3)
  3 hobgoblins
  A jackal (D:3)
  A frilled lizard (D:1)
  A kobold (D:3)
  A rat (D:3)
22 creatures vanquished.

Grand Total: 57 creatures vanquished

Notes
Turn   | Place    | Note
-------+----------+-------------------------------------------
     0 | D:1      | AlphabetPasta the Ogre Summoner began the quest for the Orb.
     0 | D:1      | Reached XP level 1. HP: 16/16 MP: 3/3
   787 | D:1      | Reached XP level 2. HP: 20/26 MP: 1/5
   823 | D:1      | Learned a level 2 spell: Call Imp
  1103 | D:2      | Reached skill level 1 in Fighting
  1851 | D:2      | Reached XP level 3. HP: 24/33 MP: 7/7
  2217 | D:2      | Reached skill level 1 in Maces & Flails
  2235 | D:2      | Learned a level 3 spell: Call Canine Familiar
  2545 | D:2      | Reached XP level 4. HP: 27/42 MP: 8/8
  3201 | D:3      | Reached XP level 5. HP: 47/49 MP: 10/10
  3515 | D:3      | Slain by an orc priest

Skill      XL: |  1  2  3  4  5 |
---------------+----------------+-----
Summonings     | 3 |  3.6
Fighting       | 1 2 |  2.3
Dodging        | 2 |  2.2
Spellcasting   | 3 |  3.3
Maces & Flails | 1 2 |  2.1
Stealth        | |  1.4

Action                   |  1- 3 |  4- 6 || total
-------------------------+-------+-------++-------
Melee: Unarmed           |    72 |       ||    72
       Club              |    30 |       ||    30
       Mace              |    39 |    45 ||    84
       Morningstar       |       |    50 ||    50
 Cast: Summon Small Mamm |    20 |       ||    20
       Call Imp          |     6 |     4 ||    10
       Call Canine Famil |       |     2 ||     2
  Use: Scroll            |     6 |       ||     6
 Stab: Sleeping          |       |     1 ||     1
  Eat: Chunk             |     5 |     5 ||    10
Armor: Robe              |    73 |    23 ||    96
Dodge: Dodged            |   102 |    42 ||   144
